 Dungeon Crawl Stone Soup version 0.24.0-13-gcf9b319 (webtiles) character file.

Game seed: 17646700019603001171, levelgen mode: deterministic

100557 Balder the Cleaver (level 15, -4/134 HPs)
             Began as a Minotaur Fighter on Feb 16, 2020.
             Was the Champion of Okawaru.
             Slain by a merfolk
             ... wielding a +0 trident
              (10 damage)
             ... on level 4 of the Shoals.
             The game lasted 02:55:15 (24842 turns).

Balder the Cleaver (Minotaur Fighter)              Turns: 24842, Time: 02:55:15

Health: -4/134     AC: 31    Str: 22    XL:     15   Next: 80%
Magic:  17/19      EV:  9    Int: 10    God:    Okawaru [******]
Gold:   1208       SH:  0    Dex: 21    Spells: 14/14 levels left

rFire    . . .     SeeInvis .   F - +8 eveningstar of the Genius {pain, Str-4 Int+5 Stlth+}
rCold    . . .     Gourm    .   Q - +3 shield of Least Resistance {rElec Dex+7}
rNeg     . . .     Faith    .   x - +5 plate armour {rPois}
rPois    +         Spirit   .   N - +0 hat
rElec    +         Reflect  .   K - +1 cloak
rCorr    .         Harm     .   B - +2 pair of gloves
MR       ++...                  E - +0 pair of boots
Stlth    ..........             v - amulet of regeneration
HPRegen  0.72/turn              R - ring of protection from magic
MPRegen  0.16/turn              j - +3 ring of strength

@: heroism, held, very slow
A: retaliatory headbutt, horns 2
a: Heroism, Finesse, Renounce Religion


You were on level 4 of the Shoals.
You worshipped Okawaru.
Okawaru was exalted by your worship.
You were not hungry.

You visited 5 branches of the dungeon, and saw 28 of its levels.

You collected 2542 gold pieces.
You spent 1334 gold pieces at shops.

Inventory:

Hand Weapons
 a - a +4 flail of crushing
 b - the +6 broad axe "Zosch" {pain, *Noise rPois rF+ Str+4}
   (Okawaru gifted it to you on level 9 of the Dungeon)

   In the hands of one skilled in necromantic magic, it inflicts extra damage on
   living creatures.
   It affects your strength (+4).
   It protects you from fire.
   It protects you from poison.
   It may make noises in combat.
 e - the +6 broad axe "Minotaur's Regret" {pain, rC- Int+9}
   (Okawaru gifted it to you on level 6 of the Lair of Beasts)

   In the hands of one skilled in necromantic magic, it inflicts extra damage on
   living creatures.
   It affects your intelligence (+9).
   It makes you vulnerable to cold.
 F - the +8 eveningstar of the Genius (weapon) {pain, Str-4 Int+5 Stlth+}
   (Okawaru gifted it to you on level 4 of the Lair of Beasts)

   In the hands of one skilled in necromantic magic, it inflicts extra damage on
   living creatures.
   It affects your strength (-4).
   It affects your intelligence (+5).
   It makes you more stealthy.
 P - the +6 morningstar of the Five Continents {venom, rF++}
   (You bought it in a shop on level 2 of the Orcish Mines)

   It poisons the flesh of those it strikes.
   It greatly protects you from fire.
 U - the +3 spear "Anov Jui" {venom, +Blink rN++ Dex+4 Stlth+}
   (You bought it in a shop on level 2 of the Orcish Mines)

   It poisons the flesh of those it strikes.
   It affects your dexterity (+4).
   It greatly protects you from negative energy.
   It lets you blink.
   It makes you more stealthy.
 V - a +1 broad axe of electrocution
 W - a +0 hand crossbow
Missiles
 w - 6 silver boomerangs (quivered)
 C - 56 boomerangs
 L - 8 curare-tipped darts
 X - 2 throwing nets
Armour
 k - +0 acid dragon scales
 s - the +5 chain mail of Beyond {Int+4}
   (You found it on level 5 of the Dungeon)

   It affects your intelligence (+4).
 x - a +5 plate armour of poison resistance (worn)
 B - a +2 pair of gloves (worn)
 D - a +0 buckler of reflection
 E - a +0 pair of boots (worn)
 K - a +1 cloak (worn)
 N - a +0 hat (worn)
 Q - the +3 shield of Least Resistance (worn) {rElec Dex+7}
   (Okawaru gifted it to you on level 11 of the Dungeon)

   It affects your dexterity (+7).
   It insulates you from electricity.
Jewellery
 j - a +3 ring of strength (right hand)
 p - a +2 ring of strength
 v - an amulet of regeneration (around neck)
 M - an uncursed ring of protection from fire
 R - a ring of protection from magic (left hand)
Wands
 i - a wand of digging (3)
 y - a wand of flame (4)
 G - a wand of acid (19)
 I - a wand of disintegration (15)
 J - a wand of polymorph (5)
 O - a wand of iceblast (21)
 T - a wand of paralysis (16)
Scrolls
 c - a scroll of holy word
 d - a scroll of enchant armour
 g - 9 scrolls of identify
 h - 8 scrolls of remove curse
 n - 5 scrolls of teleportation
 z - 2 scrolls of magic mapping
Potions
 m - 2 potions of flight
 o - a potion of cancellation
 q - 4 potions of ambrosia
 r - 2 potions of invisibility
 t - 10 potions of curing
 A - a potion of brilliance
 H - a potion of haste
Miscellaneous
 u - a phantom mirror
 S - a lamp of fire
Comestibles
 f - 32 rations
 Y - 4 chunks of flesh


   Skills:
 * Level 12.7(17.7) Fighting
 * Level 14.5(21.6) Axes
 * Level 13.4(20.9) Maces & Flails
 * Level 4.4(15.6) Polearms
 * Level 3.3(8.3) Crossbows
 * Level 7.8(12.8) Throwing
 * Level 12.2(17.2) Armour
 * Level 9.3(14.3) Dodging
 + Level 1.0(6.0) Stealth
 * Level 13.8(18.8) Shields
 * Level 7.9 Invocations


You had 14 spell levels left.
You didn't know any spells.
Your spell library contained the following spells:

 Spells                   Type           Power        Failure   Level  Hunger
 Animate Skeleton         Necr           N/A          96%         1    ##.....
 Apportation              Tloc           #.....       96%         1    ##.....
 Confusing Touch          Hex            #.....       96%         1    ##.....
 Corona                   Hex            #......      96%         1    ##.....
 Infusion                 Chrm           #...         96%         1    ##.....
 Magic Dart               Conj           #...         96%         1    ##.....
 Pain                     Necr           #...         96%         1    ##.....
 Sandblast                Erth           #.....       96%         1    ##.....
 Summon Small Mammal      Summ           #...         96%         1    ##.....
 Blink                    Tloc           N/A          99%         2    ###....
 Call Imp                 Summ           #.......     99%         2    ###....
 Searing Ray              Conj           #.....       99%         2    ###....
 Slow                     Hex            #.......     99%         2    ###....
 Sublimation of Blood     Necr           #.........   99%         2    ###....
 Swiftness                Chrm/Air       #.......     99%         2    ###....
 Conjure Flame            Conj/Fire      #.......     100%        3    ####...
 Dazzling Spray           Conj/Hex       #.....       100%        3    ####...
 Ignite Poison            Fire/Tmut/Pois #.......     100%        3    ####...
 Inner Flame              Hex/Fire       #.......     100%        3    ####...
 Mephitic Cloud           Conj/Pois/Air  #.......     100%        3    ####...
 Portal Projectile        Hex/Tloc       #.....       100%        3    ####...
 Regeneration             Chrm/Necr      #.........   100%        3    ####...
 Vampiric Draining        Necr           #.........   100%        3    ####...
 Animate Dead             Necr           N/A          100%        4    #####..
 Cause Fear               Hex            #.........   100%        4    #####..
 Force Lance              Conj/Tloc      #.......     100%        4    #####..
 Fulminant Prism          Conj/Hex       #.........   100%        4    #####..
 Iskenderun's Mystic Bla  Conj           #.......     100%        4    #####..
 Leda's Liquefaction      Hex/Erth       #.........   100%        4    #####..
 Agony                    Necr           #.......     100%        5    ######.
 Dispel Undead            Necr           #.......     100%        5    ######.
 Fireball                 Conj/Fire      #.........   100%        5    ######.
 Iskenderun's Battlesphe  Conj/Chrm      #.......     100%        5    ######.
 Lee's Rapid Deconstruct  Erth           #.........   100%        5    ######.
 Silence                  Hex/Air        #.........   100%        5    ######.
 Yara's Violent Unravell  Hex/Tmut       #.........   100%        5    ######.
 Bolt of Fire             Conj/Fire      #.........   100%        6    #######
 Deflect Missiles         Chrm/Air       #.........   100%        6    #######
 Ring of Flames           Chrm/Fire      #.........   100%        7    #######
 Discord                  Hex            #.........   100%        8    #######
 Ignition                 Fire           #.........   100%        8    #######


Dungeon Overview and Level Annotations

Branches:
Dungeon (15/15)            Temple (0/1) D:4            Lair (6/6) D:10
 Shoals (4/4) Lair:2       Spider (0/4) Lair:4        Slime (0/5) Lair:5
    Orc (2/2) D:11            Elf (1/3) Orc:2        Vaults (0/5) D:14
 Depths (0/5) D:15

Altars:
Ashenzari
Cheibriados
Elyvilon
Fedhas
Gozag
Kikubaaqudgha
Makhleb
Okawaru
Qazlal
Sif Muna
Trog
Wu Jian
The Shining One
Beogh
Jiyva

Shops:
D:4 !   D:6 [   D:8 [   D:12 }   Orc:2 ([%(   Shoals:4 (=

Portals:
Hell: Lair:6

Annotations:
D:8 1 runed translucent door
Lair:4 3 runed translucent doors, Kuerar's ghost, journeyman BaFi
Lair:5 exclusion: oklob plant
Shoals:4 Polyphemus
Orc:2 2 runed translucent doors, exclusion: orange crystal statue, Saint Roka


Innate Abilities, Weirdness & Mutations

You reflexively headbutt those who attack you in melee.
You have a pair of horns on your head.


Message History

You struggle against the net.
Splash!
You fall into the shallow water.
Moving in this stuff is going to be slow.
The merfolk hits you but does no damage.
The merfolk impaler hits you but does no damage.
The merfolk hits you but does no damage.
The merfolk hits you from afar with a +0 glaive!
Unknown command.
You gain the combat prowess of a mighty hero.
The merfolk impaler hits you but does no damage.
The water nymph gestures at you while chanting.
The water swirls and strikes you!!
* * * LOW HITPOINT WARNING * * *
The merfolk hits you but does no damage.
The merfolk impaler hits you from afar with a +1 vampiric demon trident!
* * * LOW HITPOINT WARNING * * *
The merfolk hits you but does no damage.
The merfolk hits you with a +0 trident!
You die...

*≈≈≈≈≈≈≈≈≈≈≈≈≈≈≈≈**≈≈≈≈≈≈≈##≈≈≈≈≈
≈**≈≈≈≈≈≈.....≈≈≈≈#≈≈*≈*≈*#≈≈≈≈≈≈
≈*≈≈≈≈≈≈≈.......≈≈**≈≈≈≈≈*#≈≈≈≈≈≈
***≈≈≈≈≈≈........≈**≈*≈*≈*##≈≈≈≈≈
**≈≈≈≈≈≈≈.........*≈≈≈≈≈≈≈*#≈≈≈≈≈
**≈≈≈≈≈≈≈........###≈**≈≈###≈≈≈≈≈
≈**≈≈,,≈≈...(.mm.≈≈#######≈≈≈≈≈≈≈
***≈,,,≈≈.....m.≈m≈#≈##.≈≈≈≈≈≈≈≈≈
*≈≈≈≈,,≈≈P.....m@.≈.....≈≈≈≈≈≈≈≈≈
*≈≈≈≈≈≈≈≈≈≈....m......≈≈≈≈≈≈≈≈≈≈≈
≈≈≈≈≈≈≈≈≈≈PPPPPP.....≈≈≈≈≈≈≈≈≈≈≈≈
≈≈≈≈≈≈≈≈≈≈≈PPPPPP≈≈PPP≈≈≈≈≈≈≈≈≈≈≈
≈≈≈≈≈≈≈≈≈P≈≈≈P≈≈P≈≈≈≈≈≈≈≈≈≈≈≈≈≈≈≈
≈≈≈≈≈≈≈≈≈≈≈≈PPP≈≈≈≈≈≈≈≈≈≈≈≈≈≈≈≈≈≈
≈≈≈≈≈≈≈≈≈≈≈≈≈≈≈≈≈≈≈≈≈≈≈≈≈≈≈≈≈≈≈≈≈
≈≈≈≈≈≈≈≈≈≈≈≈≈≈≈≈≈≈≈≈≈≈≈≈≈≈≈≈≈≈≈≈≈
≈≈≈≈≈≈≈≈≈≈≈≈≈≈≈≈≈≈≈≈≈≈≈≈≈≈≈≈≈≈≈≈≈


You could see a merfolk impaler, 4 merfolk and a water nymph.

Vanquished Creatures
  Rupert (Lair:4)
  2 krakens (Shoals:4)
  Nessos (Lair:5)
  Snorg (Lair:6)
  Josephine (Lair:6)
  A merfolk impaler (Shoals:4)
  2 merfolk javelineers
  A fire dragon (D:15)
  A catoblepas (Lair:2)
  A vault guard (D:14)
  7 hydras
  An ice dragon (D:15)
  The ghost of DCrawler215 the Thaumaturge, a journeyman GnWz of Ashenzari (D:10)
  5 two-headed ogres
  4 centaur warriors
  An ogre mage (D:15)
  A sun demon (Lair:6)
  An unseen horror (D:10)
  A sea snake (Shoals:3)
  3 wizards
  A wolf spider zombie (D:13)
  Pikel (D:6)
  3 orc knights
  2 orc sorcerers
  18 ugly things
  5 cyclopes
  6 manticores
  4 deep elf magi
  A salamander (shapeshifter) (D:14)
  6 black mambas
  2 merfolk sirens
  3 elephants (Lair:3)
  13 spiny frogs
  2 gargoyles
  2 torpor snails
  2 orange demons (Lair:6)
  2 centaur skeletons (D:15)
  5 rime drakes
  A hellwing (Lair:6)
  A komodo dragon (shapeshifter) (D:14)
  A red devil (Lair:6)
  5 komodo dragons
  4 demonic crawlers (D:13)
  3 ice devils (Lair:6)
  A tengu conjurer (D:15)
  3 meliai (D:14)
  5 trolls
  4 merfolk
  A wind drake (Shoals:4)
  Grinder (D:6)
  A jumping spider (Lair:4)
  A polar bear (Lair:4)
  16 blink frogs
  8 slime creatures
  13 hippogriffs
  6 snapping turtles
  A centaur simulacrum (D:15)
  Sigmund (D:6)
  3 shadows
  2 wyverns
  41 yaks
  9 wraiths
  Grum (D:9)
  17 vampire mosquitoes
  A steam dragon (D:14)
  2 wargs
  A hungry ghost (D:14)
  Edmund (D:5)
  4 hell hounds (Lair:6)
  An acid dragon (D:15)
  16 water moccasins
  38 orc warriors
  13 porcupines
  4 black bears
  2 ice beasts
  7 sky beasts
  An eye of draining (D:9)
  14 wolves
  9 centaurs
  3 boggarts (D:15)
  13 ogres
  19 crocodiles
  A big kobold (D:9)
  23 bullfrogs
  A wyvern zombie (D:9)
  A gnoll sergeant (D:11)
  4 scorpions
  10 howler monkeys
  18 wights
  An electric eel (Lair:2)
  8 crimson imps
  A bullfrog zombie (D:12)
  3 centaur zombies
  4 hounds
  4 jellies
  20 orc priests
  A bullfrog skeleton (D:9)
  7 iguanas
  20 orc wizards
  9 worker ants
  3 hound skeletons
  14 gnolls
  15 adders
  5 shadow imps
  12 white imps (Orc:2)
  3 oozes
  2 adder zombies
  An adder skeleton (D:9)
  4 worms
  A dart slug (D:3)
  3 leopard geckos
  108 orcs
  A ball python (D:5)
  6 bats
  A giant cockroach (D:1)
  6 goblins
  4 hobgoblins
  3 jackals (D:2)
  5 quokkas
  A frilled lizard (D:1)
  A jackal zombie (D:5)
  15 kobolds
  A leopard gecko skeleton (D:5)
  A leopard gecko zombie (D:5)
  9 rats
  4 fungi (Lair:6)
  5 plants
  8 tentacles (Shoals:4)
792 creatures vanquished.

Vanquished Creatures (others)
  A jackal zombie (D:6)
  13 fungi
  14 plants
  22 tentacles (Shoals:4)
50 creatures vanquished.

Grand Total: 842 creatures vanquished

Notes
Turn   | Place    | Note
-------+----------+-------------------------------------------
     0 | D:1      | Balder the Minotaur Fighter began the quest for the Orb.
     0 | D:1      | Reached XP level 1. HP: 19/19 MP: 0/0
   232 | D:1      | Reached XP level 2. HP: 27/27 MP: 1/1
  1003 | D:2      | Reached XP level 3. HP: 19/33 MP: 2/2
  1017 | D:2      | Reached skill level 1 in Dodging
  1400 | D:2      | Reached XP level 4. HP: 40/40 MP: 3/3
  1431 | D:2      | Found a stormy altar of Qazlal.
  1532 | D:2      | Found a blossoming altar of Fedhas.
  1884 | D:2      | Found a glowing golden altar of the Shining One.
  2624 | D:3      | Found a burning altar of Makhleb.
  2624 | D:3      | Found an opulent altar of Gozag.
  2633 | D:3      | Found a white marble altar of Elyvilon.
  2636 | D:3      | Found a faded altar of an unknown god.
  2638 | D:3      | Found a faded altar of an unknown god.
  2850 | D:3      | Reached XP level 5. HP: 46/46 MP: 4/4
  3266 | D:3      | Found a bloodstained altar of Trog.
  3269 | D:3      | Found an iron altar of Okawaru.
  3282 | D:3      | Became a worshipper of Warmaster Okawaru
  3362 | D:4      | Found Dimir's Distillery.
  3385 | D:4      | Bought 2 potions of degeneration for 26 gold pieces
  3392 | D:4      | Noticed an ogre
  3414 | D:4      | Reached skill level 5 in Armour
  3419 | D:4      | Killed an ogre
  3419 | D:4      | Reached skill level 5 in Maces & Flails
  3419 | D:4      | Reached XP level 6. HP: 52/52 MP: 5/5
  3614 | D:4      | Found a staircase to the Ecumenical Temple.
  3714 | D:4      | Reached * piety under Okawaru
  3973 | D:5      | Entered Level 5 of the Dungeon
  4004 | D:5      | Noticed Edmund
  4015 | D:5      | Killed Edmund
  4029 | D:5      | Reached XP level 7. HP: 51/60 MP: 6/6
  4134 | D:5      | Reached skill level 5 in Shields
  4177 | D:5      | Got a blackened chain mail
  4195 | D:5      | Identified the +5 chain mail of Beyond {Int+4} (You found
                  | it on level 5 of the Dungeon)
  4445 | D:5      | Reached skill level 5 in Fighting
  4502 | D:5      | Reached ** piety under Okawaru
  4720 | D:6      | Reached XP level 8. HP: 68/68 MP: 7/7
  4747 | D:6      | Noticed Sigmund
  4753 | D:6      | Killed Sigmund
  4775 | D:6      | Noticed Grinder
  4780 | D:6      | Paralysed by Grinder for 5 turns
  4794 | D:6      | Killed Grinder
  4843 | D:6      | Found a stormy altar of Qazlal.
  4905 | D:6      | Noticed Pikel
  4925 | D:6      | Killed Pikel
  4925 | D:6      | Reached *** piety under Okawaru
  4953 | D:6      | You fall into a shaft and drop 1 floor!
  4980 | D:7      | Reached XP level 9. HP: 75/75 MP: 8/8
  5517 | D:6      | Found Jurgh's Antique Armour Emporium.
  5576 | D:6      | Found a snail-covered altar of Cheibriados.
  5664 | D:7      | Found a bloodstained altar of Trog.
  6261 | D:8      | Found Eckogom's Armour Shop.
  6323 | D:8      | Reached skill level 1 in Axes
  6342 | D:8      | Reached **** piety under Okawaru
  6342 | D:8      | Reached skill level 1 in Throwing
  6458 | D:8      | Reached skill level 10 in Maces & Flails
  6464 | D:8      | Reached skill level 2 in Axes
  6533 | D:8      | Found a white marble altar of Elyvilon.
  6535 | D:8      | Noticed an angel
  6536 | D:8      | Found a runed translucent door.
  6643 | D:8      | Reached skill level 1 in Invocations
  7071 | D:9      | Noticed Grum
  7078 | D:9      | Reached skill level 3 in Axes
  7091 | D:9      | Reached XP level 10. HP: 78/86 MP: 9/9
  7099 | D:9      | Killed Grum
  7113 | D:9      | Found a shimmering blue altar of Sif Muna.
  7233 | D:9      | Identified the Almanac of Shifting Stones
  7269 | D:9      | Identified Sif Muna's Compendium of Dark Augmentations
  7608 | D:9      | Reached ***** piety under Okawaru
  7610 | D:9      | Found a blossoming altar of Fedhas.
  7697 | D:9      | Noticed a two-headed ogre
  7707 | D:9      | Killed a two-headed ogre
  7824 | D:9      | Reached skill level 4 in Axes
  8154 | D:9      | Received a gift from Okawaru
  8156 | D:9      | Reached skill level 5 in Dodging
  8162 | D:9      | Got a polished broad axe {god gift}
  8163 | D:9      | Identified the +6 broad axe "Zosch" {pain, *Noise rPois rF+
                  | Str+4} (Okawaru gifted it to you on level 9 of the Dungeon)
  8187 | D:9      | Found an ancient bone altar of Kikubaaqudgha.
  8190 | D:9      | Found an ornate altar of the Wu Jian Council.
  8421 | D:10     | Entered Level 10 of the Dungeon
  8442 | D:10     | Reached skill level 5 in Axes
  8554 | D:10     | Reached XP level 11. HP: 80/94 MP: 11/11
  8876 | D:10     | Killed an unseen horror
  8876 | D:10     | Reached skill level 6 in Axes
  8899 | D:10     | Found a runed translucent gate.
  8899 | D:10     | Found a runed translucent gate.
  8899 | D:10     | Found a runed translucent gate.
  8899 | D:10     | Noticed DCrawler215's ghost (journeyman GnWz)
  8970 | D:10     | Found a staircase to the Lair.
  9248 | D:11     | Received a gift from Okawaru
  9251 | D:11     | Got a slimy shield {god gift}
  9262 | D:11     | Identified the +3 shield of Least Resistance {rElec Dex+7}
                  | (Okawaru gifted it to you on level 11 of the Dungeon)
  9390 | D:11     | Reached skill level 7 in Axes
  9418 | D:11     | Found a staircase to the Orcish Mines.
  9736 | D:11     | Reached skill level 8 in Axes
 10153 | Orc:1    | Entered Level 1 of the Orcish Mines
 10276 | Orc:2    | Entered Level 2 of the Orcish Mines
 10372 | Lair:1   | Entered Level 1 of the Lair of Beasts
 10462 | Lair:1   | Reached skill level 10 in Shields
 10482 | Lair:1   | Reached skill level 9 in Axes
 10578 | Lair:1   | Reached XP level 12. HP: 81/104 MP: 13/13
 11341 | Lair:2   | Found a staircase to the Shoals.
 11511 | Lair:2   | Reached ****** piety under Okawaru
 11648 | Lair:2   | Received a gift from Okawaru
 11648 | Lair:2   | Reached skill level 10 in Axes
 11670 | Lair:2   | Reached skill level 10 in Fighting
 12183 | Lair:2   | Noticed a catoblepas
 12214 | Lair:2   | Killed a catoblepas
 12598 | Lair:3   | Noticed a five-headed hydra
 12605 | Lair:3   | Killed a five-headed hydra
 12605 | Lair:3   | Reached skill level 10 in Armour
 12795 | Lair:3   | You are sucked into a shaft and drop 2 floors!
 12813 | Lair:5   | Reached skill level 5 in Invocations
 13014 | Lair:5   | Noticed Nessos
 13035 | Lair:5   | Killed Nessos
 13035 | Lair:5   | Received a gift from Okawaru
 13035 | Lair:5   | Reached skill level 5 in Throwing
 13044 | Lair:5   | Found a staircase to the Slime Pits.
 13086 | Lair:5   | Found a viscous altar of Jiyva.
 13171 | Lair:5   | Reached skill level 11 in Axes
 13261 | Lair:5   | Noticed a five-headed hydra
 13273 | Lair:5   | Killed a five-headed hydra
 13473 | Lair:5   | Noticed an eight-headed hydra
 13483 | Lair:5   | Killed an eight-headed hydra
 13483 | Lair:5   | Reached XP level 13. HP: 100/115 MP: 16/16
 13831 | Lair:6   | Entered Level 6 of the Lair of Beasts
 14149 | Lair:6   | Noticed Snorg
 14155 | Lair:6   | Received a gift from Okawaru
 14164 | Lair:6   | Killed Snorg
 14223 | Lair:6   | Reached skill level 12 in Axes
 14352 | Lair:6   | Found a burning altar of Makhleb.
 14361 | Lair:6   | Received a gift from Okawaru
 14380 | Lair:6   | Got a slimy broad axe {god gift}
 14457 | Lair:6   | Identified the +6 broad axe "Minotaur's Regret" {pain, rC-
                  | Int+9} (Okawaru gifted it to you on level 6 of the Lair of
                  | Beasts)
 14469 | Lair:6   | Found a gateway to Hell.
 14585 | Lair:6   | Noticed Josephine
 14597 | Lair:6   | Killed Josephine
 15578 | Lair:4   | Noticed Rupert
 15601 | Lair:4   | Killed Rupert
 15601 | Lair:4   | Received a gift from Okawaru
 15601 | Lair:4   | Reached XP level 14. HP: 41/124 MP: 16/18
 15604 | Lair:4   | Got a translucent eveningstar {god gift}
 15615 | Lair:4   | Identified the +8 eveningstar of the Genius {pain, Str-4
                  | Int+5 Stlth+} (Okawaru gifted it to you on level 4 of the
                  | Lair of Beasts)
 15691 | Lair:4   | Found a hole to the Spider Nest.
 15960 | Lair:4   | Found a runed translucent gate.
 15960 | Lair:4   | Found a runed translucent gate.
 15960 | Lair:4   | Found a runed translucent gate.
 15961 | Lair:4   | Noticed Kuerar's ghost (journeyman BaFi)
 16426 | Lair:3   | Reached skill level 13 in Axes
 16781 | Orc:2    | Found a roughly hewn altar of Beogh.
 17034 | Orc:2    | Found a staircase to the Elven Halls.
 17059 | Orc:2    | Found a roughly hewn altar of Beogh.
 17060 | Orc:2    | Found Cassit's Food Shoppe.
 17160 | Orc:2    | Reached skill level 1 in Stealth
 17173 | Orc:2    | Found a roughly hewn altar of Beogh.
 17187 | Orc:2    | Received a gift from Okawaru
 17217 | Orc:2    | Found Ludghomi's Antique Weapon Shop.
 17297 | Orc:2    | Found a runed translucent door.
 17300 | Orc:2    | Found the +10 large shield of Ignorance {rN+ Int-4}
 17316 | Orc:2    | Found a runed translucent door.
 17401 | Orc:2    | Found a roughly hewn altar of Beogh.
 17529 | Orc:2    | Found a roughly hewn altar of Beogh.
 17653 | Orc:2    | Found a roughly hewn altar of Beogh.
 17932 | Orc:2    | Found a roughly hewn altar of Beogh.
 18024 | Orc:2    | Noticed Saint Roka
 18254 | Orc:2    | Found Faosk's Antique Weapon Shop.
 18261 | Orc:2    | Found Luopp's Antique Armour Boutique.
 18262 | Orc:2    | Found a roughly hewn altar of Beogh.
 18271 | Orc:2    | Bought an ancient morningstar for 324 gold pieces
 18283 | Orc:2    | Bought a polished spear for 288 gold pieces
 18286 | Orc:2    | Identified the +6 morningstar of the Five Continents
                  | {venom, rF++} (You bought it in a shop on level 2 of the
                  | Orcish Mines)
 18287 | Orc:2    | Identified the cursed +3 spear "Anov Jui" {venom, +Blink
                  | rN++ Dex+4 Stlth+} (You bought it in a shop on level 2 of
                  | the Orcish Mines)
 18380 | Elf:1    | Entered Level 1 of the Elven Halls
 18774 | Orc:1    | Found Purghoyq's Antique Armour Shoppe.
 18973 | Orc:1    | Reached skill level 1 in Polearms
 19267 | D:12     | Found Vuunt's Gadget Shoppe.
 19284 | D:12     | Bought a wand of iceblast (11) for 150 gold pieces
 20710 | D:14     | Received a gift from Okawaru
 20815 | D:14     | Found a gate to the Vaults.
 20937 | D:14     | Reached skill level 14 in Axes
 21073 | D:14     | Found a shattered altar of Ashenzari.
 21111 | D:14     | Reached skill level 1 in Crossbows
 21111 | D:14     | Reached XP level 15. HP: 110/132 MP: 19/19
 21647 | D:14     | Received a gift from Okawaru
 21692 | D:15     | Entered Level 15 of the Dungeon
 22440 | D:15     | Received a gift from Okawaru
 22980 | D:15     | Found a staircase to the Depths.
 23260 | D:10     | Killed DCrawler215's ghost
 23392 | D:8      | Bought a +3 plate armour of poison resistance for 546 gold
                  | pieces
 23833 | Shoals:1 | Entered Level 1 of the Shoals
 24231 | Shoals:4 | Entered Level 4 of the Shoals
 24231 | Shoals:4 | Found an opulent altar of Gozag.
 24236 | Shoals:4 | Received a gift from Okawaru
 24250 | Shoals:4 | Found Fev Onuo's Weapon Shop.
 24393 | Shoals:4 | Noticed a kraken
 24441 | Shoals:4 | Killed a kraken
 24627 | Shoals:4 | Found Wokh's Jewellery Shoppe.
 24634 | Shoals:4 | Noticed a kraken
 24658 | Shoals:4 | Killed a kraken
 24795 | Shoals:4 | Noticed Polyphemus
 24842 | Shoals:4 | HP: 6/134 [merfolk impaler/+1 vampiric demon trident (14)]
 24842 | Shoals:4 | Slain by a merfolk

Levels and vault maps discovered:
D:1:      lemuel_arrival_broad_hall, layout_loops_ring, serial_bayou_crossing
D:2:      layout_basic, grunt_temple_overflow_forces_of_nature,
          lemuel_round_altar, minmay_heptomino_o4
D:3:      layout_loops_cross, chequers_temple_overflow_statue_of_worship,
          chequers_temple_overflow_minitemple, first_ration
D:4:      layout_rooms, minmay_temple_entry_overgrown, serial_shops, shop,
          serial_bayou_pond_e
D:5:      layout_gridville, minmay_misc_feat_plants, uniq_edmund
D:6:      layout_cave_pools, slow_altar_2, basic_altar, serial_shops, shop,
          uniq_grinder, uniq_sigmund, uniq_pikel
D:7:      layout_gridville, grunt_ogre_cave, bloody_trog
D:8:      layout_loops_ring, serial_shops, nicolae_shop_stone,
          lemuel_angel_altar
D:9:      layout_stronghold, gammafunk_temple_overflow_statue,
          nicolae_overflow_crystal_walls, basic_altar, uniq_grum
D:10:     layout_basic, grunt_lair_entry_orc_guard_hut, gammafunk_ghost_spectres
D:11:     layout_irregular_city, david_orc_3, minivault_4
D:12:     layout_loops_ring, serial_shops, shop, hangedman_abyss_or_decor_passed
D:13:     layout_roguey, einodemon_crawler_minivault
D:14:     layout_irregular_city, david_vaults_5, chequers_mini_garden,
          basic_altar
D:15:     grunt_enter_depths_hoard, layout_stronghold, dk_noncrumbling_4
Lair:1:   layout_concentric_octagons, beast_lair_carwin_3, serial_bayou_shore_b,
          grunt_megastairs_2
Lair:2:   layout_cave_pods, elwin_shoals_entry_rooms
Lair:3:   layout_roguey, infiniplex_staircase_pool, serial_bayou_shore_a
Lair:4:   layout_regular_city, spider_nest_entry_rubble,
          gammafunk_ghost_hydra_chop, uniq_rupert
Lair:5:   layout_gridlike, slime_altar_1, minmay_lair_oklob_chamber, uniq_nessos
Lair:6:   evil_forest, layout_misc_corridors, grunt_megastairs_5,
          infiniplex_staircase_pool_2, uniq_snorg, uniq_josephine
Shoals:1: layout_shoals, serial_shops, nicolae_shop_stone,
          minmay_shop_enchanted_jewellery, nicolae_shoals_wave_tunnel,
          uniq_nikola
Shoals:2: layout_shoals
Shoals:3: layout_shoals, lemuel_centaur_altar, uniq_ilsuiw
Shoals:4: shoals_end_grunt_ice, layout_shoals, shoals_ilsuiw_ice, serial_shops,
          shop, nicolae_shop_statue_plus, hangedman_feature_mirror,
          uniq_polyphemus
Orc:1:    layout_diamond_mine, serial_shops, shop
Orc:2:    grunt_orc_community_town_hall, layout_diamond_mine,
          grunt_orc_community_big_house_1, grunt_orc_community_big_house_2,
          grunt_orc_community_house_1, grunt_orc_community_house_3,
          grunt_orc_community_house_2, grunt_orc_community_house_3,
          grunt_orc_community_house_3, grunt_orc_community_house_3,
          portal_ice_cave_entry_imps, chequers_guarded_unrand_ignorance
Elf:1:    layout_gridlike, serial_shops, nicolae_shop_trees,
          minmay_elf_crystal_heptagon, amethyst_killhole,
          minmay_misc_feat_cross, hangedman_decor_cross_pass, uniq_jorgrun

Skill      XL: |  1  2  3  4  5  6  7  8  9 10 11 12 13 14 15 |
---------------+----------------------------------------------+-----
Fighting       | 4 5 6 7 8 9 10 11 12 | 12.7
Shields        | 4 5 6 7 9 10 12 13 | 13.8
Armour         | 4 5 6 7 8 9 10 11 12 | 12.2
Maces & Flails | 3 5 6 7 9 10 11 12 13 | 13.4
Dodging        | 1 2 3 4 5 6 7 8 9 |  9.3
Axes           | 3 5 9 11 12 14 | 14.5
Throwing       | 1 3 4 5 6 7 |  7.8
Invocations    | 1 2 3 5 6 7 |  7.9
Stealth        | 1 |  1.0
Polearms       | 2 4 |  4.4
Crossbows      | 1 3 |  3.3

Action                   |  1- 3 |  4- 6 |  7- 9 | 10-12 | 13-15 || total
-------------------------+-------+-------+-------+-------+-------++-------
Melee: Flail             |    77 |   140 |   229 |   152 |   130 ||   728
       Headbutt          |     2 |    26 |    46 |   165 |   393 ||   632
       Whip              |       |       |    20 |       |       ||    20
       Broad axe         |       |       |       |   380 |   672 ||  1052
       Trident           |       |       |       |       |    13 ||    13
       Eveningstar       |       |       |       |       |   348 ||   348
       Spear             |       |       |       |       |     3 ||     3
       Morningstar       |       |       |       |       |     7 ||     7
Throw: Dart              |       |     1 |     8 |       |       ||     9
       Boomerang         |       |       |       |    39 |   128 ||   167
Invok: Heroism           |       |       |     1 |     2 |     5 ||     8
Evoke: Wand              |       |       |       |    12 |    21 ||    33
  Use: Potion            |     1 |       |     3 |     5 |     3 ||    12
       Scroll            |       |     5 |     2 |    18 |    17 ||    42
  Eat: Chunk             |     2 |     4 |     4 |     7 |    15 ||    32
       Ration            |       |     2 |     1 |     4 |     7 ||    14
Armor: Scale mail        |    30 |    27 |       |       |       ||    57
       Chain mail        |       |    15 |   121 |   149 |   296 ||   581
       Plate armour      |       |       |       |       |    88 ||    88
Dodge: Dodged            |    22 |    38 |    60 |   146 |   380 ||   646
Block: Shield            |    40 |    78 |   168 |   363 |   930 ||  1579
